 Dungeon Sprint DCSS version 0.30-a0-1112-gfb780f5df6 (webtiles) character file.

Game seed: 1146755604245281541

184 sircluck the Cleaver (level 5, 0/79 (84) HPs)
             Began as a Hill Orc Berserker on Apr 19, 2023.
             Was a Priest of Trog.
             Killed from afar by a necromancer (24 damage)
             ... with a bolt of negative energy
             ... in the Dungeon (Sprint III: "The Ten Rune Challenge").
             The game lasted 00:01:17 (301 turns).

sircluck the Cleaver (Hill Orc Berserker)            Turns: 301, Time: 00:01:17

HP:   0/79 (84)     AC:  2    Str: 22    XL:     5   Next: 64%
MP:   5/5           EV: 12    Int:  7    God:    Trog [***...]
Gold: 30            SH:  0    Dex: 10    Spells: 4/4 levels left

rFire   . . .      SeeInvis .    a - +0 hand axe
rCold   . . .      Faith    .    (no shield)
rNeg    . . .      Spirit   .    b - +0 animal skin
rPois   .          Reflect  .    (no helmet)
rElec   .          Rampage  .    (no cloak)
rCorr   .          NoTele   +    (no gloves)
Will    .....                    (no boots) Stlth
                                 (no amulet)
HPRegen 0.33/turn                (no ring)
MPRegen 0.09/turn                (no ring)

@: berserking, drained, very quick
A: no striking features
a: Renounce Religion, Berserk, Trog's Hand


You were in the Dungeon.
You worshipped Trog.
Trog was most pleased with you.
You visited 1 branch You collected 30 gold pieces.

Inventory:

Hand Weapons
 a - a +0 hand axe (weapon)
Armour
 b - a +0 animal skin (worn)
Scrolls
 h - a scroll of blinking
 j - a scroll of immolation {unknown}
 k - 2 scrolls of torment {unknown}
 l - 4 scrolls of identify
Potions
 c - a potion of curing
 d - a potion of heal wounds
 e - a potion of haste
 f - 2 potions of magic
 g - a potion of berserk rage
 i - 2 potions of attraction {unknown}
 m - 2 potions of flight


   Skills:
 + Level 8.6 Fighting
 + Level 10.5 Axes
 + Level 4.1 Armour
 + Level 3.5 Dodging
 + Level 0.1 Stealth


You had 4 spell levels left.
You didn't know any spells.
Your spell library was empty.

Dungeon Overview and Level Annotations

Branches:
Dungeon (1/1)

Altars:
Dithmenos
Ru
Yredelemnul


Message History

The necrophage is heavily damaged.
The necromancer mumbles some strange words.
The necromancer binds the souls of nearby monsters.
The necrophage hits you but does no damage.
You barely miss the necrophage.
The necrophage is heavily damaged.
The necrophage closely misses you.
You hit the necrophage but do no damage.
The necrophage is heavily damaged.
The necromancer gestures at you while chanting.
The bolt of negative energy hits the necrophage.
The necrophage completely resists.
The bolt of negative energy hits you!
You feel drained. The necrophage completely misses you.
You hit the necrophage.
The necrophage is severely damaged.
The necromancer gestures at you while chanting.
The bolt of negative energy hits the necrophage.
The necrophage completely resists.
The bolt of negative energy hits you!
You feel drained.
The necrophage hits you but does no damage.
A red film seems to cover your vision as you go berserk!
You feel yourself moving faster!
You feel mighty! The necrophage hits you.
You feel drained.
Okay, then.
You slash the necrophage!
You destroy the necrophage!
Trog accepts your kill.
Your life force feels restored.
Your Fighting skill increases to level 8!
Your Axes skill increases to level 10!
Your Armour skill increases to level 4!
The necromancer gestures wildly while chanting.
The necromancer binds the souls of nearby monsters.
There is an open door here.
You hit the necromancer.
The necromancer is heavily wounded.
You miss the necromancer.
The necromancer is heavily wounded.
The necromancer points at you and mumbles some strange words.
The bolt of negative energy hits you!!
You feel drained.
You die...

▓▓▓ # ##.# ####
#####..# #__#
.#!!#..# #p_#
.#..#..###+#+###@##
.##'#..#..........#
.###...'.⌠........#
####...#...######+#
###....#.⌠.#
##.....#...#
#......#+###
.#.....# ###....#


You could see a necromancer.

Vanquished Creatures
  A necrophage (D)
  A water elemental (D)
  Jessica (D)
  A human (D)
  A wolf (D)
  An endoplasm (D)
  2 rats (D)
8 creatures vanquished.

Vanquished Creatures (others)
  A plant (D)
1 creature vanquished.

Grand Total: 9 creatures vanquished

Notes
Turn   | Place    | Note
-------+----------+-------------------------------------------
     0 | D        | sircluck the Hill Orc Berserker began the quest for the
                  | Orb.
     0 | D        | Reached XP level 1. HP: 19/19 MP: 1/1
    47 | D        | Noticed Jessica
    52 | D        | Killed Jessica
    52 | D        | Reached ** piety under Trog
    53 | D        | Reached skill level 5 in Fighting
    53 | D        | Reached skill level 6 in Axes
    53 | D        | Reached XP level 2. HP: 29/29 MP: 2/2
    53 | D        | Reached XP level 3. HP: 36/36 MP: 3/3
   122 | D        | Reached skill level 7 in Axes
   169 | D        | Reached XP level 4. HP: 31/45 MP: 4/4
   226 | D        | Noticed a water elemental
   232 | D        | Killed a water elemental
   232 | D        | Reached *** piety under Trog
   233 | D        | Reached skill level 9 in Axes
   233 | D        | Reached XP level 5. HP: 52/52 MP: 5/5
   283 | D        | Found a basalt altar of Yredelemnul.
   283 | D        | Found a shadowy altar of Dithmenos.
   283 | D        | Found a sacrificial altar of Ru.
   299 | D        | Reached skill level 10 in Axes
   301 | D        | Killed from afar by a necromancer

Illustrated notes

Levels and vault maps discovered:
D:        dungeon_sprint_mu [sprint_mu_entry_cave, sprint_mu_temple_rooms,
          sprint_mu_d1_horrors, sprint_mu_d2_genie, sprint_mu_d3_branching,
          sprint_mu_orc_legion, sprint_mu_elf_gauntlet, sprint_mu_hive_nellie,
          sprint_mu_lair_fedhas, sprint_mu_vaults_butterflies,
          sprint_mu_slime_circle, sprint_mu_swamp_cave, sprint_mu_snake_twists,
          sprint_mu_blade_basic, sprint_mu_crypt_lich, sprint_mu_tomb_spiral,
          sprint_mu_vestibule_basic, sprint_mu_gehenna_hellfire,
          sprint_mu_dis_giant, sprint_mu_tartarus_statrot,
          sprint_mu_cocytus_islands, sprint_mu_zot1]

Skill      XL: |  1  2  3  4  5 |
---------------+----------------+-----
Fighting       | 5 6 7 8 |  8.6
Axes           | 6 7 9 10 | 10.5
Dodging        | 2 3 |  3.5
Armour         | 3 4 |  4.1
Stealth        | |  0.1

Action                     |  1- 3 |  4- 6 || total
---------------------------+-------+-------++-------
  Melee: Hand axe          |    38 |    20 ||    58
 Invoke: Berserk           |     2 |     2 ||     4
 Armour: Animal skin       |     3 |     2 ||     5
  Dodge: Dodged            |    26 |     7 ||    33

Table legend: (Time is in decaauts)
 A = Elapsed time spent in this place.
 B = Non-inter-level travel time spent in this place.
 C = Inter-level travel time spent in this place.
 D = Time resting spent in this place.
 E = Time spent auto-exploring this place.
 F = Levels seen in this place.
 G = Mean time per level.
                   A        B        C        D        E       F      G
               +--------+--------+--------+--------+--------+-----+--------+
         Total |    328 |    328 |      0 |    101 |    117 |   1 |  328.0 |
       Dungeon |    328 |    328 |      0 |    101 |    117 |   1 |  328.0 |
               +--------+--------+--------+--------+--------+-----+--------+

Top non-repeatable levels by time:
       D: 328 daAuts
